 Dungeon Crawl Stone Soup version 0.29.1-2-gbd0b4ee654 (webtiles) character file.

Game seed: 8627928267403105397

3206 Icepheonix32 the Reanimator (level 9, -9/40 HPs)
             Began as a Deep Elf Necromancer on Oct 31, 2022.
             Was a Believer of Hepliaklqana.
             Shot with a bolt by an orc warrior (24 damage)
             ... in a bailey.
             The game lasted 00:17:58 (8280 turns).

Icepheonix32 the Reanimator (Deep Elf Necromancer)  Turns: 8280, Time: 00:17:59

Health: -9/40      AC: 13    Str: 12    XL:     9   Next: 65%
Magic:  19/21      EV: 18    Int: 25    God:    Hepliaklqana [**....]
Gold:   330        SH:  0    Dex: 16    Spells: 7/22 levels left

rFire   . . .      SeeInvis .   F - +4 halberd
rCold   . . .      Faith    .   (shield currently unavailable)
rNeg    . . .      Spirit   .   y - +2 robe {Archmagi}
rPois   .          Reflect  .   j - +2 helmet
rElec   .          Harm     .   (no cloak)
rCorr   .          Rampage  .   (no gloves)
Will    .....      Archmagi +   h - +1 pair of boots
Stlth   ++........              D - amulet of magic regeneration
HPRegen 0.13/turn               E - +4 ring of evasion
MPRegen 0.57/turn               q - +6 ring of strength

@: about to teleport, animating dead
A: reduced essence, iridescent scales 2, clever 1
a: Renounce Religion, Recall Ancestor, Ancestor Identity


You were in a bailey.
You worshipped Hepliaklqana.
Hepliaklqana was pleased with you.
You visited 2 branches of the dungeon, and saw 9 of its levels.
You also visited: Bailey.

You collected 330 gold pieces.

Inventory:

Hand Weapons
 f - a +3 scythe of flaming
 o - a +4 dagger
 s - a +0 short sword of draining
 F - a +4 halberd (weapon)
Missiles
 A - a throwing net
Armour
 g - a +2 robe of willpower
 h - a +1 pair of boots (worn)
 j - a +2 helmet (worn)
 m - a +0 leather armour of cold resistance
 y - a +2 robe of the Archmagi (worn)
 G - a +1 leather armour of fire resistance
Jewellery
 k - a ring of protection from fire
 n - an amulet of guardian spirit
 q - a +6 ring of strength (right hand)
 D - an amulet of magic regeneration (around neck)
 E - a +4 ring of evasion (left hand)
Wands
 a - a wand of polymorph (5)
 l - a wand of mindburst (14)
 u - a wand of flame (23)
 B - a wand of charming (7)
Scrolls
 d - a scroll of identify
 e - a scroll of magic mapping
 i - a scroll of fear
 r - 2 scrolls of vulnerability
 t - a scroll of poison
 C - a scroll of amnesia
 H - a scroll of enchant weapon
Potions
 b - a potion of magic
 c - 3 potions of mutation
 v - a potion of cancellation
 w - 2 potions of flight
 x - 3 potions of curing


   Skills:
 + Level 0.3 Fighting
 + Level 1.5 Short Blades
 * Level 4.5 Dodging
 + Level 2.9 Stealth
 + Level 7.1 Spellcasting
 * Level 14.8 Necromancy


You had 7 spell levels left.
You knew the following spells:

 Your Spells              Type           Power      Damage    Failure   Level
a - Necrotise             Necr           100%       1d9       0%          1
b - Vampiric Draining     Necr           90%        2d12      1%          3
c - Animate Dead          Necr           90%        N/A       1%          4
d - Searing Ray           Conj           26%        2d5       10%         2
e - Agony                 Necr           90%        N/A       1%          5

Your spell library contained the following spells:

 Spells                   Type           Power      Damage    Failure   Level
 Sublimation of Blood     Necr           90%        N/A       1%          2
 Magic Dart               Conj           52%        1d5       7%          1
 Wereblood                Tmut           13%        N/A       10%         2
 Airstrike                Air            6%         2d(1-17)  54%         4
 Fulminant Prism          Conj/Hex       6%         3d7       54%         4
 Summon Lightning Spire   Summ/Air       13%        N/A       54%         4
 Lightning Bolt           Conj/Air       6%         1d18      88%         5
 Summon Hydra             Summ           6%         N/A       100%        7


Dungeon Overview and Level Annotations

Branches:
Dungeon (8/15)             Temple (1/1) D:4          Bailey (1/1)
   Lair: D:8-11

Altars:
Ashenzari
Cheibriados
Fedhas
Hepliaklqana
Kikubaaqudgha
Okawaru
Sif Muna
Trog
Vehumet
Xom
Zin


Innate Abilities, Weirdness & Mutations

Your life essence is reduced to manifest your ancestor. (-10% HP)
You are mostly covered in iridescent scales. (AC +4)
Your mind is acute. (Int +4, Str/Dex -1)


Message History

Your reaping aura expires.
Found a gate leading back out of this place.
An orc warrior comes into view. It is wielding a +0 arbalest.
The orc warrior shouts!
You hear a shout!
The orc warrior shoots a bolt.
The bolt closely misses you.
An orc warrior comes into view. It is wielding a +0 arbalest.
An orc comes into view. It is wielding a +0 arbalest.
The orc warrior shoots a bolt.
The bolt barely misses you.
The orc warrior shoots a bolt.
The bolt hits you but does no damage.
The orc warrior shoots a bolt.
The bolt hits you!
Unknown command.
The orc warrior shoots a bolt.
The bolt hits Paullus!
You hear a shout!
Casting: Necrotise (safe; 0% risk of failure)
Confirm with . or Enter, or press ? or * to list all spells.
You feel a surge of power!
You dismiss your zombies and call upon the dead to rise afresh.
Your orc zombie crumbles into dust!
Your orc warrior zombie crumbles into dust!
Your orc zombie crumbles into dust!
The orc warrior shoots a bolt.
The bolt hits Paullus!
An orc warrior comes into view. It is wielding a +0 arbalest.
Casting: Animate Dead (safe; 1% risk of failure)
Confirm with . or Enter, or press ? or * to list all spells.
Aiming: Necrotise (safe; 0% risk of failure)
Press: ? - help, Shift-Dir - straight line, f - orc warrior
Aim: an orc warrior, wielding a +0 arbalest and wearing a +0 scale mail (chance to affect: 83%)
You feel a surge of power! Paullus avoids your attack.
The orc warrior writhes in agony!
Paullus closely misses the orc warrior.
The orc warrior shoots a bolt.
The bolt hits Paullus!
Paullus is destroyed!
Okay, then.
As you read the scroll of teleportation, it crumbles to dust.
You feel strangely unstable.
The orc warrior shoots a bolt.
The bolt closely misses you.
Unknown command.
The orc warrior shoots a bolt.
The bolt closely misses you.
The orc warrior shoots a bolt.
The bolt hits you!!
Ouch! That really hurt!
You die...

##~~~~~~~~~ ≈~ ≈≈~~~~#
##~~~≈≈≈~≈≈~
#.##≈~~~~#######~~~~≈##.#≈≈
.∩#≈~~~~~~~~~~~~~~~≈#∩Z##≈
ooo~~~~~~~~~~~~~~Z~ZZ).#≈ #
##≈~~~~~~~~~~~~~~~≈##.##≈
###≈≈~~~~~~~~~~~~~~~≈≈###≈≈
≈≈≈≈~~~~~~~~~~~~~~~~~≈≈≈≈≈~
..........@................
...........................
...........................
...........................
###########################


You could see 2 orc warriors.

Vanquished Creatures
  Edmund (D:6)
  3 orc warriors (Bailey)
  A black bear (D:4)
  2 sky beasts
  2 bullfrogs
  A kobold brigand (D:7)
  A phantom (D:5)
  3 necrophages
  A scorpion (D:5)
  A killer bee (D:7)
  A gnoll bouda (D:6)
  A jelly (D:2)
  7 hounds
  An orc priest (D:8)
  An iguana (D:6)
  Jessica (D:3)
  4 orc wizards
  7 gnolls
  11 adders
  A white imp (D:6)
  3 worms
  4 dart slugs
  17 orcs
  5 ball pythons
  4 endoplasms
  A giant cockroach (D:4)
  8 goblins
  5 hobgoblins
  6 jackals
  6 kobolds
  4 quokkas
  4 bats
  2 frilled lizards
  6 rats
126 creatures vanquished.

Vanquished Creatures (collateral kills)
  Sigmund (D:6)
  Eustachio (D:6)
  A steam dragon (D:6)
  A sky beast (D:7)
  An orc warrior (Bailey)
  2 phantoms
  A scorpion (D:6)
  3 wights (D:8)
  2 killer bees (D:7)
  An iguana (D:6)
  2 orc wizards (D:5)
  4 gnolls
  An adder (D:4)
  A white imp (D:7)
  A dart slug (D:4)
  6 orcs
  An endoplasm (D:4)
  2 goblins (D:8)
  A quokka (D:4)
  A kobold (D:4)
34 creatures vanquished.

Vanquished Creatures (others)
  A jelly (D:6)
  2 knights
  2 hound zombies
  An ancestor (D:5)
  An iguana zombie (D:6)
  A kobold zombie (D:4)
  3 orc zombies
  11 plants
  13 withered plants (D:2)
35 creatures vanquished.

Grand Total: 195 creatures vanquished

Notes
Turn   | Place    | Note
-------+----------+-------------------------------------------
     0 | D:1      | Icepheonix32 the Deep Elf Necromancer began the quest for
                  | the Orb.
     0 | D:1      | Reached XP level 1. HP: 10/10 MP: 6/6
   160 | D:1      | Reached skill level 5 in Necromancy
   423 | D:1      | Reached XP level 2. HP: 15/15 MP: 6/8
  1133 | D:2      | Reached skill level 6 in Necromancy
  1461 | D:2      | Reached XP level 3. HP: 19/19 MP: 5/9
  1731 | D:2      | Reached XP level 4. HP: 17/24 MP: 1/10
  1869 | D:2      | Reached skill level 7 in Necromancy
  2124 | D:2      | Found a faded altar of an unknown god.
  2549 | D:2      | Reached XP level 5. HP: 27/28 MP: 6/11
  2728 | D:2      | Gained mutation: You have hidden genetic potential. [potion
                  | of mutation]
  2728 | D:2      | Gained mutation: You are partially covered in iridescent
                  | scales. (AC +2) [potion of mutation]
  2777 | D:3      | Found a snail-covered altar of Cheibriados.
  2918 | D:3      | Reached skill level 8 in Necromancy
  3055 | D:3      | Noticed Jessica
  3063 | D:3      | Killed Jessica
  3656 | D:3      | Reached XP level 6. HP: 32/32 MP: 9/12
  3660 | D:3      | Gained mutation: You are mostly covered in iridescent
                  | scales. (AC +4) [hidden potential]
  4067 | D:3      | Learned a level 3 spell: Vampiric Draining
  4072 | D:3      | Learned a level 4 spell: Animate Dead
  4075 | D:3      | Learned a level 2 spell: Searing Ray
  4169 | D:4      | Noticed a sky beast
  4182 | D:4      | Reached skill level 9 in Necromancy
  4182 | D:4      | Killed a sky beast
  4228 | D:4      | Reached skill level 10 in Necromancy
  4376 | D:4      | Found a staircase to the Ecumenical Temple.
  4383 | D:4      | Reached XP level 7. HP: 36/36 MP: 6/13
  4390 | D:4      | Gained mutation: Your mind is acute. (Int +4, Str/Dex -1)
                  | [hidden potential]
  4390 | D:4      | Lost mutation: You have hidden genetic potential. [hidden
                  | potential expressed]
  4682 | Temple   | Entered the Ecumenical Temple
  4699 | Temple   | Became a worshipper of Hepliaklqana the Forgotten
  4734 | D:5      | Entered Level 5 of the Dungeon
  5052 | D:5      | Reached skill level 11 in Necromancy
  5126 | D:5      | You fall into a shaft and drop 2 floors!
  5418 | D:6      | Noticed Sigmund
  5425 | D:6      | Reached * piety under Hepliaklqana
  5430 | D:6      | Killed Sigmund
  5431 | D:6      | Reached skill level 12 in Necromancy
  5431 | D:6      | Reached XP level 8. HP: 36/36 MP: 11/14
  5665 | D:6      | Found a broken altar of Ashenzari.
  5758 | D:6      | Noticed Eustachio
  5772 | D:6      | Killed Eustachio
  5879 | D:6      | Reached skill level 13 in Necromancy
  6018 | D:6      | Noticed Edmund
  6174 | D:5      | Found an ancient bone altar of Kikubaaqudgha.
  6672 | D:5      | Learned a level 5 spell: Agony
  6719 | D:6      | Killed Edmund
  6720 | D:6      | Reached skill level 14 in Necromancy
  6720 | D:6      | Reached XP level 9. HP: 29/40 MP: 2/18
  6854 | D:6      | Reached skill level 5 in Spellcasting
  7029 | D:6      | Reached ** piety under Hepliaklqana
  7030 | D:6      | Remembered your ancestor Paullus as a knight
  7286 | D:7      | Reached skill level 1 in Short Blades
  8093 | D:8      | Found a flagged portal.
  8108 | Bailey   | Entered a bailey
  8280 | Bailey   | Shot with a bolt by an orc warrior

Illustrated notes

Levels and vault maps discovered:
D:1:      psy_arrival_statuary, layout_basic, minmay_hexomino_c4
D:2:      layout_basic, shapermc_ecumenical_altar_flowoftime, serial_curves,
          eino_curves_01, eino_curves_04
D:3:      layout_loops_corners, overflow_temple_1_default, uniq_jessica
D:4:      layout_rooms, minmay_temple_entry_trees, serial_glass,
          glass_columns_a, glass_columns_c, glass_columns_b, glass_columns_a,
          glass_columns_a, glass_columns_a, glass_columns_a, glass_columns_a,
          glass_columns_b, glass_columns_a, serial_bayou_pond_d
D:5:      layout_loops_ring, lemuel_crystal_altar
D:6:      layout_basic, lemuel_round_altar, uniq_sigmund, uniq_edmund,
          uniq_eustachio
D:7:      layout_gridville
D:8:      layout_loops_ring, enter_bailey_3, chequers_serial_rivers_small_b
Temple:   hellmonk_temple_two_chambers
Bailey:   bailey_polearm_2, bailey

Skill      XL: |  1  2  3  4  5  6  7  8  9 |
---------------+----------------------------+-----
Necromancy     | 5 6 7 8 10 12 14 | 14.8
Spellcasting   | 4 7 |  7.1
Dodging        | 4 |  4.5
Short Blades   | 1 |  1.5
Fighting       | |  0.3
Stealth        | |  2.9

Action                   |  1- 3 |  4- 6 |  7- 9 || total
-------------------------+-------+-------+-------++-------
Melee: Dagger            |     5 |    16 |    88 ||   109
       Punch             |       |     1 |       ||     1
       Halberd           |       |       |     1 ||     1
 Cast: Necrotise         |    60 |   106 |   158 ||   324
       Animate Dead      |       |     2 |     6 ||     8
       Searing Ray       |       |       |     5 ||     5
Invok: Recall Ancestor   |       |       |     2 ||     2
       Ancestor Life: Kn |       |       |     1 ||     1
Evoke: Wand              |       |     2 |       ||     2
  Use: Scroll            |     2 |     5 |     9 ||    16
       Potion            |       |     6 |     3 ||     9
 Stab: Sleeping          |       |     4 |     2 ||     6
       Distracted        |       |       |     1 ||     1
Armor: Robe              |     5 |    14 |    47 ||    66
       Leather armour    |       |     5 |    30 ||    35
Dodge: Dodged            |    12 |    28 |   108 ||   148
